AoeStats
← Cavernabrole

Arabia

509064012Analyzed
1v1 RM · 6d ago on Sep 25, 2026· 43m 28s· 2 players
Game mode
Random Map
Map size
Tiny (2 player)
Population
200
Speed
Normal
Resources
Standard
Victory
Conquest
Starting age
Dark Age
Ending age
Imperial Age
RankedLock teamsTeams togetherTeam positionsShared explorationLock speedFull tech treeHidden civsTurbo modeCheats
Victory
Defeat
🇦🇷 Varangians · Argentina
1365
+14
🇫🇷 Danes · France
1313
-14
Cavernabrole
4:46 Loom
9:14 Feudal Age
9:45 Arson
10:44 Man-at-Arms
12:54 Forging
14:42 Double-Bit Axe
20:08 Castle Age
18:52 Scale Mail Armor
19:54 Horse Collar
20:09 Fletching
20:59 Squires
22:28 Iron Casting
26:09 Gambesons
27:33 Padded Archer Armor
27:50 Chain Mail Armor
31:15 Bow Saw
32:30 Heavy Plow
32:42 Gold Mining
32:46 Stone Mining
34:21 Wheelbarrow
33:56 Devotion
39:48 Imperial Age
37:34 Hand Cart
37:05 Town Watch
38:15 Ballistics
37:52 Bodkin Arrow
37:58 Padded Archer Armor
40:33 Bracer
41:38 Blast Furnace
41:36 Conscription
42:16 Plate Mail Armor
42:40 Gold Shaft Mining
42:10 Hamask
42:58 Elite Varangian Guard
VicenteViloni
5:52 Loom
6:15 Loom
8:47 Feudal Age
10:08 Double-Bit Axe
19:07 Castle Age
16:59 Horse Collar
17:39 Stone Mining
18:25 Gold Mining
20:15 Bow Saw
20:46 Scale Barding Armor
22:32 Wheelbarrow
25:51 Bloodlines
28:25 Husbandry
28:56 Hand Cart
29:04 Town Watch
32:40 Imperial Age
32:28 Chain Barding Armor
33:50 Stone Shaft Mining
33:41 Forging
33:11 Capped Ram
34:13 Elite Jarl
36:22 Plate Barding Armor
36:13 Conscription
37:39 Iron Casting
37:32 Vendel Legacy
37:54 Light Cavalry
39:44 Blast Furnace
38:34 Fletching
40:05 Chemistry
42:08 Bodkin Arrow
42:15 Scale Mail Armor
43:53 Bracer
Connection lost

Rejoining the realm…

Still unreachable

The connection could not be restored.

Session expired

The server has moved on; the page needs a fresh start.